 Dungeon Crawl Stone Soup version 0.18-a0-1229-ge9a1a01 (webtiles) character file.

9 Duffy the Caller (level 2, -2/20 HPs)
             Began as a Draconian Summoner on Feb 4, 2016.
             Slain by a worm (6 damage)
             ... on level 2 of the Dungeon.
             The game lasted 00:01:18 (1196 turns).

Duffy the Caller (Draconian Summoner)               Turns: 1196, Time: 00:01:18

Health: -2/20      AC:  4    Str: 10    XL:     2   Next: 6%
Magic:  1/5        EV: 12    Int: 15    God:
Gold:   65         SH:  0    Dex: 11    Spells: 2 memorised, 2 levels left

rFire  . . .     SeeInvis .     (no weapon)
rCold  . . .     Gourm    .     (armour unavailable)
rNeg   . . .     Faith    .     (no shield)
rPois  .         Spirit   .     (helmet restricted)
rElec  .         Dismiss  .     (no cloak)
rCorr  .         Reflect  .     (no gloves)
SustAt .         Harm     .     (no boots)
MR     .....                    (no amulet)
Stlth  ++........               (no ring)
                                (no ring)

@: very slightly contaminated, not resistant to hostile enchantments, unstealthy
A: unfitting armour, cold-blooded, AC +4
a: no special abilities


You were on level 2 of the Dungeon.
You were not hungry.

You visited 1 branch of the dungeon, and saw 2 of its levels.

You collected 65 gold pieces.


Innate Abilities, Weirdness & Mutations

Your plain brown scales are hard (AC +4).
Your body does not fit into most forms of armour.
You are cold-blooded and may be slowed by cold attacks.


   Skills:
 - Level 1.7 Dodging
 - Level 1.7 Stealth
 + Level 2.3 Spellcasting
 + Level 4.2 Summonings


You had 2 spell levels left.
You knew the following spells:

 Your Spells              Type           Power        Failure   Level  Hunger
a - Summon Small Mammal   Summ           ##..         4%          1    #......
i - Call Imp              Summ           ##......     8%          2    ###....

Inventory:

Scrolls
 d - a scroll of recharging {unknown}
 e - a scroll of enchant weapon {unknown}
 f - a scroll of amnesia {unknown}
 h - 2 scrolls of identify {unknown}
Potions
 c - a potion of might {unknown}
 g - a potion of magic {unknown}
 j - a potion of agility {unknown}
 m - a potion of poison {unknown}
Books
 a - a book of Callings
Comestibles
 b - 2 bread rations
 i - a meat ration
 k - 2 fruits
 l - 2 chunks of flesh

Dungeon Overview and Level Annotations

Branches:
Dungeon (2/15)

Altars:


Message History

Your quokka's corpse disappears in a puff of smoke!
Your bat hits the worm.
Your bat barely misses the worm.
Cast which spell? (? or * to list)
Your bat hits the worm. The worm bites you.
Your bat barely misses the worm.
Your quokka barely misses the worm.
Your magical contamination has completely faded away.
Your quokka bites the worm.
The worm misses you.
Your quokka barely misses the worm.
Your quokka barely misses the worm.
The worm bites you!
Your quokka bites the worm but does no damage.
Your quokka bites the worm.
The worm bites you!
Your quokka bites the worm.
Your quokka bites the worm.
The worm barely misses you.
Your quokka bites the worm.
Your quokka bites the worm.
The worm barely misses your quokka.
Your quokka bites the worm. x2
The worm bites your quokka!
Your quokka dies!
Your quokka's corpse disappears in a puff of smoke!
The worm barely misses you.
Cast which spell? (? or * to list)
You miscast Summon Small Mammal.
You are very lightly contaminated with residual magic.
Nothing appears to happen.
Cast which spell? (? or * to list)
You swap places.
The worm bites your rat.
Your rat dies!
Your rat's corpse disappears in a puff of smoke!
Cast which spell? (? or * to list)
You don't have enough magic to cast that spell.
You hit the worm. You tail-slap the worm.
The worm is heavily wounded.
The worm bites you.
You die...

#.# #.######..#
#..).0w...# #..######.#
#..##### ##.#.<..$..
#.####.###.###### .#
.........#.......# .#
#####.#....w@..#.######.#
#...#.............#.#
#####.####.#.##.....# #
#.# ##.#.##.....#.#
#.###........<....#
#......#.##.....###
#.####.#.##.....# #.#
#.#........# #.#
#..#####.###


You could see a worm.

Action                   || total
-------------------------++-------
Melee: Unarmed           ||     1
 Cast: Summon Small Mamm ||    32
  Eat: Chunk             ||     1

Notes
Turn   | Place    | Note
--------------------------------------------------------------
     0 | D:1      | Duffy the Draconian Summoner began the quest for the Orb.
     0 | D:1      | Reached XP level 1. HP: 14/14 MP: 3/3
  1056 | D:2      | Reached XP level 2. HP: 20/20 MP: 0/5
  1060 | D:2      | Learned a level 2 spell: Call Imp
  1196 | D:2      | Slain by a worm

Vault maps used:
D:1:      lemuel_arrival_cross, lemuel_flame_loot_1
D:2:      tso_metal_star, first_bread, kennysheep_nub

Vanquished Creatures
  A worm
  A giant cockroach
  3 goblins
  4 hobgoblins
  3 kobolds
  A bat
13 creatures vanquished.
